 Dungeon Crawl Stone Soup version 0.28.0 (webtiles) character file.

Game seed: 6026638528246515094

135 lastplaneout the Chopper (level 4, 0/39 HPs)
             Began as a Minotaur Fighter on Feb 5, 2022.
             Was a Follower of Ashenzari.
             Slain by Robin (2 damage)
             ... on level 3 of the Dungeon.
             The game lasted 00:06:06 (2025 turns).

lastplaneout the Chopper (Minotaur Fighter)         Turns: 2025, Time: 00:06:07

Health: 0/39       AC:  6    Str: 22    XL:     4   Next: 97%
Magic:  3/3        EV:  9    Int:  5    God:    Ashenzari [*.....]
Gold:   60         SH:  4    Dex: 10    Spells: 3/3 levels left

rFire   . . .      SeeInvis .   a - +0 war axe of the Shackled Augur {Cun, Range} (curse)
rCold   . . .      Faith    .   c - +0 buckler
rNeg    . . .      Spirit   .   b - +0 scale mail "Lashed Together" {Range, Cun} (curse)
rPois   .          Reflect  .   (helmet restricted)
rElec   .          Harm     .   (no cloak)
rCorr   .          Rampage  .   (no gloves)
Will    .....                   (no boots)
Stlth   ..........              (no amulet)
HPRegen 0.13/turn               (no ring)
MPRegen 0.08/turn               (no ring)

@: no status effects
A: horns 2, retaliatory headbutt
a: Renounce Religion, Curse Item, Shatter the Chains


You were on level 3 of the Dungeon.
You worshipped Ashenzari.
Ashenzari was aware of your devotion.
You visited 1 branch of the dungeon, and saw 3 of its levels.

You collected 60 gold pieces.

Inventory:

Hand Weapons
 a - the cursed +0 war axe of the Shackled Augur (weapon) {Cun, Range}

   It has a curse which improves the following skills: Cunning: Dodging and
   Stealth.
   Ranged Combat: Slings, Bows, Crossbows and Throwing.
 h - the +9 hunting sling of the Grave {venom, rElec}
   (You found it on level 2 of the Dungeon)

   Any ammunition fired from it poisons the flesh of those it strikes.
   rElec:     It insulates you from electricity.
Missiles
 j - 20 stones (quivered)
Armour
 b - the cursed +0 scale mail "Lashed Together" (worn) {Range, Cun}

   It has a curse which improves the following skills: Ranged Combat: Slings,
   Bows, Crossbows and Throwing.
   Cunning:   Dodging and Stealth.
 c - a +0 buckler (worn)
Scrolls
 f - a scroll of identify
 g - a scroll of fear
 i - a scroll of blinking
Potions
 d - a potion of might
 e - 2 potions of curing


   Skills:
 - Level 3.6 Fighting
 + Level 6.3 Axes
 - Level 3.6 Armour
 - Level 3.6 Shields


You had 3 spell levels left.
You didn't know any spells.
Your spell library contained the following spells:

 Spells                   Type           Power      Damage    Failure   Level
 Sandblast                Erth           0%         2d4       88%         1
 Passwall                 Tmut/Erth      0%         N/A       95%         2
 Stone Arrow              Conj/Erth      0%         3d7       99%         3


Dungeon Overview and Level Annotations

Branches:
Dungeon (3/15)

Altars:
Ashenzari
Cheibriados
Ru
Vehumet

Annotations:
D:3 Robin


Innate Abilities, Weirdness & Mutations

You have a pair of horns on your head.
You reflexively headbutt those who attack you in melee.


Message History

Items here: )))))))))) [[[ ††††††††.
Okay, then.
The ball python hisses angrily.
Items here: ( )))) ††.
j - 20 stones
Items here: )))))))))) [[[ ††††††††.
You hit the ball python.
You kill the ball python!
Items here: )))))))))) [[[ ††††††††.
Items here: )))) ††.
You see here a +0 spear.
Items here: )))) ††.
Items here: )))))))))) [[[ ††††††††.
Okay, then.
Items here: )))) ††.
You see here a +0 spear.
Robin shouts!
A worm comes into view.
Found 17 stones.
Found a radiant altar of Vehumet and a snail-covered altar of Cheibriados.
Robin hits you from afar with a +2 vorpal spear.
The worm moves out of view.
You block Robin's attack.
You slash the worm!
The worm is severely wounded.
Robin hits you from afar with a +2 vorpal spear.
You hit the worm.
You kill the worm!
Robin hits you from afar with a +2 vorpal spear.
Robin barely misses you.
You see here a worm corpse.
Robin hits you with a +2 vorpal spear.
You closely miss Robin. Your headbutt misses Robin.
Robin hits you but does no damage.
You hit Robin but do no damage. Robin hits you with a +2 vorpal spear.
You barely miss Robin. Robin hits you with a +2 vorpal spear!
* * * LOW HITPOINT WARNING * * *
x2 Robin hits you with a +2 vorpal spear.
* * * LOW HITPOINT WARNING * * *
You die...

#. ### ## .. ...
.. .# #.# #. .
#.# . #. #.#.#.#
..
#.(.#.#†#.#....
#._...g@...._..
#...#.#.#.#...#
#. #.#.#.# #.# #
. #.# ..# #
#.#.###.###.#.#
#.............#.
####....).......
##..#)#######
#..#)#


You could see Robin.

Vanquished Creatures
  Jessica (D:2)
  An orc wizard (D:3)
  An adder (D:2)
  2 worms
  A dart slug (D:1)
  4 orcs (D:3)
  4 ball pythons
  4 bats
  8 endoplasms
  2 giant cockroaches (D:2)
  5 hobgoblins
  4 jackals (D:2)
  2 quokkas
  5 frilled lizards
  11 goblins
  2 kobolds
  4 rats (D:1)
61 creatures vanquished.

Vanquished Creatures (others)
  2 plants (D:1)
2 creatures vanquished.

Grand Total: 63 creatures vanquished

Notes
Turn   | Place    | Note
-------+----------+-------------------------------------------
     0 | D:1      | lastplaneout the Minotaur Fighter began the quest for the
                  | Orb.
     0 | D:1      | Reached XP level 1. HP: 19/19 MP: 0/0
    76 | D:1      | Reached skill level 3 in Axes
   204 | D:1      | Reached XP level 2. HP: 26/26 MP: 1/1
   295 | D:1      | Found a faded altar of an unknown god.
   299 | D:1      | Prayed at the altar of an unknown god.
   299 | D:1      | Became a worshipper of Ashenzari the Shackled
   506 | D:1      | Reached skill level 4 in Axes
  1221 | D:2      | Found a sacrificial altar of Ru.
  1243 | D:2      | Reached XP level 3. HP: 31/31 MP: 2/2
  1299 | D:2      | Reached * piety under Ashenzari
  1303 | D:2      | Identified the +9 hunting sling of the Grave {venom, rElec}
  1488 | D:2      | Reached skill level 5 in Axes
  1721 | D:2      | Noticed Jessica
  1724 | D:2      | Killed Jessica
  1725 | D:2      | Reached XP level 4. HP: 39/39 MP: 3/3
  1951 | D:3      | Reached skill level 6 in Axes
  1978 | D:3      | Noticed Robin
  2015 | D:3      | Found a radiant altar of Vehumet.
  2015 | D:3      | Found a snail-covered altar of Cheibriados.
  2025 | D:3      | Slain by Robin

Illustrated notes

Levels and vault maps discovered:
D:1:      matt_arrival_spirals, layout_basic,
          hellmonk_ecumenical_altar_inner_sanctum, corexii_hall_statues_t,
          chequers_big_river, nicolae_concentric_dashed_squares_wild,
          minmay_misc_feat_nine_boxes
D:2:      layout_basic, basic_altar, uniq_jessica
D:3:      layout_loops_ring, grunt_temple_overflow_holy_war,
          nicolae_wu_jian_wuxing_cycle, mainiacjoe_overflow_large_starburst,
          mainiacjoe_overflow_two_lobes, chequers_avenue, uniq_robin

Skill      XL: |  1  2  3  4 |
---------------+-------------+-----
Axes           | 3 4 5 6 |  6.3
Fighting       | |  3.6
Armour         | |  3.6
Shields        | |  3.6

Action                   |  1- 3 |  4- 6 || total
-------------------------+-------+-------++-------
Melee: War axe           |    90 |    42 ||   132
       Headbutt          |    11 |     6 ||    17
Invok: Curse Item        |     2 |       ||     2
Armor: Scale mail        |    43 |     8 ||    51
Dodge: Dodged            |    48 |    16 ||    64
Block: Buckler           |    29 |     7 ||    36
